 Dungeon Crawl Stone Soup version 0.30-a0-54-g2e61a25929 (webtiles) character file.

Game seed: 425604742385038472

2536 Anathary the Carver (level 9, -2/79 HPs)
             Began as a Minotaur Fighter on Sept 8, 2022.
             Was a Priest of Cheibriados.
             Slain by an unseen horror (9 damage)
             ... on level 7 of the Dungeon.
             The game lasted 00:24:25 (6423 turns).

Anathary the Carver (Minotaur Fighter)              Turns: 6423, Time: 00:24:25

Health: -2/79      AC: 15    Str: 33    XL:     9   Next: 30%
Magic:  8/8        EV: 10    Int: 17    God:    Cheibriados [***...]
Gold:   494        SH:  7    Dex: 15    Spells: 8/8 levels left

rFire   . . .      SeeInvis .    v - +3 long sword
rCold   + . .      Faith    .    c - +1 buckler
rNeg    . . .      Spirit   .    q - +7 Kryia's mail coat {PotionHeal*2 rC+}
rPois   .          Reflect  .    (helmet restricted)
rElec   .          Harm     .    (no cloak)
rCorr   .          Rampage  .    (no gloves)
Will    .....                    (no boots)
Stlth   ..........               (no amulet)
HPRegen 0.00/turn                (no ring)
MPRegen 0.11/turn                (no ring)

@: inhibited regen, very slow
A: horns 2, retaliatory headbutt, clever 1, high MP 1, inhibited regeneration,
strong 1
a: Renounce Religion, Bend Time, Temporal Distortion


You were on level 7 of the Dungeon.
You worshipped Cheibriados.
Cheibriados was most pleased with you.
You visited 2 branches of the dungeon, and saw 8 of its levels.
You also visited: Sewer.

You collected 494 gold pieces.

Inventory:

Hand Weapons
 v - a +3 long sword (weapon)
Missiles
 l - a throwing net (quivered)
Armour
 c - a +1 buckler (worn)
 q - the +7 Kryia's mail coat (worn) {PotionHeal*2 rC+}
   (You found it on level 2 of the Dungeon)

   Potions are twice as effective at healing its wearer.
   rC:        It protects you from cold.
Jewellery
 z - an amulet of faith
Wands
 e - a wand of roots (10)
 k - a wand of flame (40)
 r - a wand of mindburst (6)
 u - a wand of paralysis (7)
 w - a wand of polymorph (23)
Scrolls
 f - a scroll of fog
 h - 4 scrolls of identify
 m - 2 scrolls of teleportation
 o - 2 scrolls of enchant weapon
 s - 2 scrolls of enchant armour
 t - a scroll of blinking
Potions
 a - a potion of berserk rage {unknown}
 b - a potion of brilliance
 d - 2 potions of might
 g - 3 potions of flight


   Skills:
 + Level 7.0 Fighting
 + Level 10.6 Long Blades
 + Level 8.3 Armour
 + Level 6.5 Shields


You had 8 spell levels left.
You didn't know any spells.
Your spell library contained the following spells:

 Spells                   Type           Power      Damage    Failure   Level
 Freeze                   Ice            0%         1d3       47%         1
 Summon Small Mammal      Summ           0%         N/A       47%         1
 Call Canine Familiar     Summ           0%         N/A       85%         3
 Frozen Ramparts          Ice            0%         1d1       85%         3
 Summon Guardian Golem    Hex/Summ       0%         N/A       85%         3
 Hailstorm                Conj/Ice       0%         3d3       99%         4


Dungeon Overview and Level Annotations

Branches:
Dungeon (7/15)             Temple (1/1) D:7           Sewer (visited)

Altars:
Ashenzari
Cheibriados
Dithmenos
Elyvilon
Fedhas
Gozag
Hepliaklqana
Kikubaaqudgha
Nemelex Xobeh
Qazlal
Ru
Sif Muna
Trog
Uskayaw
Vehumet
Wu Jian
Xom
Yredelemnul
Zin
The Shining One

Shops:
D:7 !


Innate Abilities, Weirdness & Mutations

You have a pair of horns on your head.
You reflexively headbutt those who attack you in melee.
Your mind is acute. (Int +4, Str/Dex -1)
You have an increased reservoir of magic. (+10% MP)
You do not regenerate when monsters are visible.
Your muscles are strong. (Str +4, Int/Dex -1)


Message History

Cheibriados thoroughly appreciates the change of pace.
You block the bullfrog's attack.
You slash the bullfrog! Your headbutt misses the bullfrog.
The bullfrog is severely wounded.
The bullfrog hits you but does no damage.
You slash the bullfrog!
You kill the bullfrog!
Cheibriados thoroughly appreciates the change of pace.
Your Fighting skill increases to level 7!
You see here a bullfrog corpse.
Found a stone staircase leading down.
You now have 494 gold pieces (gained 7).
Something hits you but does no damage.
Deactivating autopickup; reactivate with Ctrl-A.
Something hits you. x2
You hit something but do no damage. You block something's attack.
Something hits you!
Something hits you but does no damage. x2
Something hits you but does no damage. x2
Something hits you!
You hit something but do no damage. Something hits you but does no damage.
Something hits you. x2
You hit something. Something hits you. Something hits you.
Something hits you but does no damage.
You hit something. Something hits you! Something hits you but does no damage.
You block something's attack. Something hits you but does no damage.
Something hits you but does no damage. Something hits you.
Something hits you but does no damage.
Something hits you but does no damage. x2
Something completely misses you. Something hits you.
You start waiting.
Something hits you.
* * * LOW HITPOINT WARNING * * *
Something hits you!
* * * LOW HITPOINT WARNING * * *
Something hits you but does no damage. Something hits you.
* * * LOW HITPOINT WARNING * * *
You slash something! Something hits you.
* * * LOW HITPOINT WARNING * * *
Something hits you!
You die...

.....#.........# ..##
..........##
.......#....## #####
###..#..#.....###...#
####..............#
##............##
###...#....>##
#...#.....#
##...@....#
###.##.### ####...#
#.....# ####.....
....## .##.# .# ## ##


There were no monsters in sight!

Vanquished Creatures
  5 yaks (D:5)
  2 water moccasins
  An ice beast (D:6)
  A sky beast (D:6)
  2 centaurs (D:6)
  2 ogres
  A phantom (D:5)
  2 bullfrogs
  A scorpion (D:7)
  5 wights (D:6)
  2 howler monkeys
  2 orc priests
  A gnoll bouda (D:5)
  Jessica (D:3)
  Ijyb (D:4)
  2 orc wizards
  Robin (D:2)
  10 adders
  6 gnolls
  2 shadow imps
  An ufetubus (D:5)
  A worm (D:5)
  3 dart slugs
  7 orcs
  6 bats
  2 endoplasms
  10 giant cockroaches
  7 hobgoblins
  8 jackals
  4 kobolds
  9 quokkas
  9 ball pythons
  7 frilled lizards
  6 goblins
  5 rats
135 creatures vanquished.

Notes
Turn   | Place    | Note
-------+----------+-------------------------------------------
     0 | D:1      | Anathary the Minotaur Fighter began the quest for the Orb.
     0 | D:1      | Reached XP level 1. HP: 19/19 MP: 0/0
   273 | D:1      | Reached XP level 2. HP: 26/27 MP: 1/1
   450 | D:1      | Found a faded altar of an unknown god.
  1051 | D:2      | Noticed Robin
  1061 | D:2      | Killed Robin
  1062 | D:2      | Reached XP level 3. HP: 13/33 MP: 2/2
  1484 | D:2      | Reached skill level 3 in Long Blades
  1655 | D:2      | Found the +7 Kryia's mail coat {PotionHeal*2 rC+}
  1791 | D:3      | Reached XP level 4. HP: 36/40 MP: 3/3
  1899 | D:3      | Found an ancient bone altar of Kikubaaqudgha.
  1902 | D:3      | Found a shimmering blue altar of Sif Muna.
  1908 | D:3      | Found a white marble altar of Elyvilon.
  1911 | D:3      | Found a sparkling altar of Nemelex Xobeh.
  1913 | D:3      | Found a glowing silver altar of Zin.
  1917 | D:3      | Found a snail-covered altar of Cheibriados.
  1922 | D:3      | Became a worshipper of Cheibriados the Contemplative
  2088 | D:3      | Reached skill level 4 in Long Blades
  2088 | D:3      | Reached XP level 5. HP: 32/47 MP: 4/4
  2395 | D:3      | Noticed Jessica
  2403 | D:3      | Killed Jessica
  2404 | D:3      | Reached skill level 5 in Armour
  2675 | D:4      | Noticed an ogre
  2683 | D:4      | Killed an ogre
  2684 | D:4      | Reached skill level 5 in Long Blades
  2684 | D:4      | Reached XP level 6. HP: 19/53 MP: 5/5
  3165 | D:4      | Reached * piety under Cheibriados
  3204 | D:4      | Noticed Ijyb
  3231 | D:4      | Killed Ijyb
  3514 | D:5      | Entered Level 5 of the Dungeon
  3572 | D:5      | Found an opulent altar of Gozag.
  3579 | D:5      | Noticed a yak
  3579 | D:5      | Noticed a yak
  3587 | D:5      | Noticed a yak
  3587 | D:5      | Noticed a yak
  3587 | D:5      | Noticed a yak
  3588 | D:5      | Noticed a water moccasin
  3595 | D:5      | Killed a yak
  3596 | D:5      | Reached skill level 6 in Long Blades
  3596 | D:5      | Reached XP level 7. HP: 35/60 MP: 6/6
  3608 | D:5      | Killed a yak
  3609 | D:5      | Reached skill level 5 in Fighting
  3609 | D:5      | Reached skill level 5 in Shields
  3615 | D:5      | Reached skill level 7 in Long Blades
  3620 | D:5      | Killed a yak
  3621 | D:5      | Gained mutation: You do not regenerate when monsters are
                  | visible. [potion of mutation]
  3621 | D:5      | Gained mutation: You have an increased reservoir of magic.
                  | (+10% MP) [potion of mutation]
  3621 | D:5      | Gained mutation: Your mind is acute. (Int +4, Str/Dex -1)
                  | [potion of mutation]
  3621 | D:5      | Gained mutation: Your muscles are strong. (Str +4, Int/Dex
                  | -1) [potion of mutation]
  3649 | D:5      | Killed a yak
  3650 | D:5      | Reached skill level 8 in Long Blades
  3650 | D:5      | Reached XP level 8. HP: 30/69 MP: 7/7
  4460 | D:5      | Reached ** piety under Cheibriados
  4461 | D:5      | Reached skill level 9 in Long Blades
  4952 | D:6      | Found a glowing drain.
  4974 | Sewer    | Entered a sewer
  5110 | Sewer    | Reached *** piety under Cheibriados
  5337 | D:6      | Reached skill level 10 in Long Blades
  5337 | D:6      | Reached XP level 9. HP: 62/78 MP: 8/8
  5964 | D:7      | Found a staircase to the Ecumenical Temple.
  5965 | D:7      | Found Xoitiwor's Distillery.
  5986 | Temple   | Entered the Ecumenical Temple
  6423 | D:7      | Slain by an unseen horror

Illustrated notes

Levels and vault maps discovered:
D:1:      evilmike_arrival_hilbert_curve, layout_basic,
          dilly_ecumenical_altar_fadedgnrine, minmay_tetromino_l2
D:2:      layout_basic, uniq_robin
D:3:      layout_basic, nicolae_overflow_hallway_of_the_gods,
          corexii_corridor_pit, uniq_jessica
D:4:      layout_basic, grunt_decor_one_mirror, kennysheep_orc_chapel, uniq_ijyb
D:5:      layout_basic, old_standard_altar
D:6:      layout_loops_ring, portal_sewer_entry_c
D:7:      minmay_slanted_spiral_squares, layout_cave_pools,
          minmay_temple_entry_purple_smoke, serial_shops, nicolae_stop_n_shop_1,
          uniq_maggie
Temple:   compressed_dpeg_triangle_lava_temple

Skill      XL: |  1  2  3  4  5  6  7  8  9 |
---------------+----------------------------+-----
Shields        | 4 5 6 |  6.5
Fighting       | 4 5 6 7 |  7.0
Armour         | 4 5 6 7 8 |  8.3
Long Blades    | 3 4 5 6 8 10 | 10.6

Action                   |  1- 3 |  4- 6 |  7- 9 || total
-------------------------+-------+-------+-------++-------
Melee: Long sword        |    85 |   131 |   244 ||   460
       Headbutt          |    12 |    25 |    26 ||    63
       Unarmed           |       |    17 |       ||    17
  Use: Potion            |       |       |    10 ||    10
       Scroll            |       |       |    10 ||    10
 Stab: Invisible         |       |       |     3 ||     3
Armor: Scale mail        |    35 |    84 |    98 ||   217
       Chain mail        |    25 |       |       ||    25
       Skin              |       |     6 |    18 ||    24
Dodge: Dodged            |    48 |    75 |    99 ||   222
Block: Buckler           |    29 |    32 |    71 ||   132

Table legend: (Time is in decaauts)
 A = Elapsed time spent in this place.
 B = Non-inter-level travel time spent in this place.
 C = Inter-level travel time spent in this place.
 D = Time resting spent in this place.
 E = Time spent auto-exploring this place.
 F = Levels seen in this place.
 G = Mean time per level.
                   A        B        C        D        E       F      G
               +--------+--------+--------+--------+--------+-----+--------+
         Total |   7840 |   7657 |    183 |   1501 |   3829 |   9 |  871.1 |
       Dungeon |   6849 |   6666 |    183 |   1501 |   3300 |   7 |  978.4 |
        Temple |    610 |    610 |      0 |      0 |    529 |   1 |  610.0 |
         Sewer |    380 |    380 |      0 |      0 |      0 |   1 |  380.0 |
               +--------+--------+--------+--------+--------+-----+--------+

Top non-repeatable levels by time:
     D:5: 1517 daAuts
     D:6: 1274 daAuts
     D:3: 1075 daAuts
     D:4: 995 daAuts
     D:1: 952 daAuts
     D:2: 843 daAuts
  Temple: 610 daAuts
   Sewer: 380 daAuts
     D:7: 189 daAuts
